 Dungeon Crawl Stone Soup version 0.27.1-33-g824d729ab1 (webtiles) character file.

Game seed: 8287597682557936381

51 comborobin the Twirler (level 3, 28/28 HPs)
             Began as a Palentonga Gladiator on Dec 27, 2021.
             Was a Follower of Kikubaaqudgha.
             Quit the game on level 2 of the Dungeon.
             The game lasted 00:01:47 (2759 turns).

comborobin the Twirler (Palentonga Gladiator)       Turns: 2759, Time: 00:01:47

Health: 28/28      AC:  6    Str: 17    XL:     3   Next: 58%
Magic:  3/3        EV: 10    Int:  8    God:    Kikubaaqudgha [*.....]
Gold:   32         SH:  0    Dex: 12    Spells: 2/2 levels left

rFire    . . .     SeeInvis +   a - +0 quarterstaff
rCold    . . .     Faith    .   (shield currently unavailable)
rNeg     . . .     Spirit   .   b - +0 leather armour
rPois    .         Reflect  .   c - +0 helmet
rElec    .         Harm     .   (no cloak)
rCorr    .         Rampage  .   f - +0 pair of gloves
Will     .....                  (no barding)
Stlth    +.........             (no amulet)
HPRegen  0.09/turn              (no ring)
MPRegen  0.08/turn              (no ring)

@: no status effects
A: large, rugged brown scales 3, see invisible, deformed body, roll 1, armoured
tail
a: Rolling Charge, Renounce Religion, Receive Corpses


You were on level 2 of the Dungeon.
You worshipped Kikubaaqudgha.
Kikubaaqudgha was aware of your devotion.
You visited 1 branch of the dungeon, and saw 2 of its levels.

You collected 32 gold pieces.

Inventory:

Hand Weapons
 a - a +0 quarterstaff (weapon)
 g - a +0 flail
 i - a +0 long sword
Missiles
 d - 3 throwing nets (quivered)
Armour
 b - a +0 leather armour (worn)
 c - a +0 helmet (worn)
 f - a +0 pair of gloves (worn)
Scrolls
 e - a scroll of immolation {unknown}
Potions
 h - a potion of degeneration {unknown}
 j - a potion of attraction {unknown}


   Skills:
 - Level 2.0 Fighting
 + Level 4.6 Staves
 - Level 1.3 Throwing
 - Level 2.4 Dodging


You had 2 spell levels left.
You didn't know any spells.
Your spell library contained the following spells:

 Spells                   Type           Power      Damage    Failure   Level
 Animate Skeleton         Necr           0%         N/A       47%         1
 Pain                     Necr           0%         1d4       47%         1
 Slow                     Hex            0%         N/A       63%         2
 Sublimation of Blood     Necr           0%         N/A       63%         2
 Confusing Touch          Hex            0%         N/A       85%         3
 Vampiric Draining        Necr           0%         2d6       85%         3


Dungeon Overview and Level Annotations

Branches:
Dungeon (2/15)

Altars:
Kikubaaqudgha


Innate Abilities, Weirdness & Mutations

You are completely covered in rugged brown scales. (AC +3, +7% HP)
You have supernaturally acute eyesight. (SInv)
Armour fits poorly on your strangely shaped body.
You can roll at nearby foes to attack.
You have a long armoured tail.


Message History

You kill the kobold!
No target in view!
No target in view!
No target in view!
No target in view!
You see here a +0 dagger.
You see here a +0 hand axe.
You see here a +0 hand axe.
Key pressed, stopping explore.
No target in view!
Found a faded altar of an unknown god.
No target in view!
There is a stone staircase leading down here.
You see here a ring of see invisible.
Done exploring.
Done exploring.
Done exploring.
Done exploring.
(D) Dungeon
Where to? (Enter - D:2, ? - help)
There is a stone staircase leading up here.
You climb upwards.
There is a stone staircase leading down here.
(D) Dungeon
Where to? (Enter - D:1, ? - help)
You climb downwards.
There is a stone staircase leading up here.
Unknown command.
Search for what [Enter for "glov", or ? for help]? altar You see here a +0 whip.
There is a shaft here.
There is a faded altar of an unknown god here.
You cannot tell which god this altar belongs to.
Convert to them anyway?
Kikubaaqudgha accepts your prayer! Kikubaaqudgha welcomes you!
You can now receive cadavers from Kikubaaqudgha.
Kikubaaqudgha grants you a gift!
You add the spells Pain, Sublimation of Blood and Animate Skeleton to your library.
There are no items here.
Are you sure you want to abandon this character and quit the game? (Confirm with "yes".)

#.######### #.#
#.
#.........#####.#
#.
#####...........#
#.
#.###.#####.####
#. #.#
#.#####....####.
##.#
#...............
#..#
#######.##.####.
#.#### #.##.# #.
#..^@#######.##.#
#.
######.......##)#
#. ##########.#
#. #.# #. #.# #.
##.## #.
##.#.###.
#.###....
##.#.####


There were no monsters in sight!

Vanquished Creatures
  A gnoll (D:1)
  A worm (D:2)
  A dart slug (D:1)
  3 ball pythons (D:1)
  6 endoplasms
  A giant cockroach (D:2)
  A goblin (D:1)
  5 hobgoblins
  A quokka (D:1)
  4 bats
  7 kobolds
  5 rats
  2 toadstools (D:1)
38 creatures vanquished.

Vanquished Creatures (others)
  2 toadstools (D:1)
2 creatures vanquished.

Grand Total: 40 creatures vanquished

Notes
Turn   | Place    | Note
-------+----------+-------------------------------------------
     0 | D:1      | comborobin the Palentonga Gladiator began the quest for the
                  | Orb.
     0 | D:1      | Reached XP level 1. HP: 17/17 MP: 1/1
   489 | D:1      | Reached XP level 2. HP: 19/23 MP: 2/2
   733 | D:1      | HP: 1/23 [gnoll (8)]
   737 | D:1      | Reached skill level 4 in Staves
   737 | D:1      | Reached XP level 3. HP: 1/28 MP: 3/3
  2595 | D:2      | Found a faded altar of an unknown god.
  2758 | D:2      | Became a worshipper of Kikubaaqudgha
  2758 | D:2      | Reached * piety under Kikubaaqudgha
  2758 | D:2      | Received a gift from Kikubaaqudgha
  2759 | D:2      | Quit the game

Illustrated notes

Levels and vault maps discovered:
D:1:      ldierk_water_garden, layout_basic
D:2:      layout_loops_ring, hellmonk_ecumenical_altar_leap_of_faith

Skill      XL: |  1  2 |
---------------+-------+-----
Staves         | 4 |  4.6
Fighting       | |  2.0
Throwing       | |  1.3
Dodging        | |  2.4

Action                   || total
-------------------------++-------
Melee: Quarterstaff      ||    98
       Tailslap          ||     2
       Long sword        ||     1
Throw: Throwing net      ||     3
  Use: Potion            ||     3
Armor: Leather armour    ||    39
Dodge: Dodged            ||    57
